 Dungeon Crawl Stone Soup version 0.24-a0-434-gd57e52fea8 (webtiles) character file.

Game seed: 15106341906395618305

266933 Gumption the Severer (level 19, -10/179 HPs)
             Began as a Minotaur Gladiator on June 16, 2019.
             Was the Champion of Makhleb.
             Splashed by a deep elf sorcerer's acid (14 damage)
             ... on level 3 of the Elven Halls on June 17, 2019.
             The game lasted 04:16:41 (41243 turns).

Gumption the Severer (Minotaur Gladiator)          Turns: 41243, Time: 04:16:41

Health: -10/179    AC: 33    Str: 25    XL:     19   Next: 34%
Magic:  27/27      EV: 13    Int:  5    God:    Makhleb [******]
Gold:   3353       SH: 16    Dex: 12    Spells: 18/18 levels left

rFire    + . .     SeeInvis .   a - +2 broad axe "Joanusixoo" {freeze, rElec MR+}
rCold    . . .     Gourm    .   Z - +2 shield {reflect}
rNeg     . . .     Faith    .   m - +3 crystal plate armour "Laenunomm" {rF+ Regen+ Slay-3}
rPois    .         Spirit   .   c - +0 hat
rElec    +         Reflect  +   v - +2 cloak {MR+}
rCorr    .         Harm     .   b - +0 pair of gloves
MR       +++..                  (no boots)
Stlth    ..........             I - amulet of regeneration
HPRegen  1.19/turn              p - +4 ring of protection
MPRegen  0.20/turn              L - +4 ring of evasion

@: about to teleport, corroded, lightly drained
A: retaliatory headbutt, horns 2, clumsy 1
}: 2/15 runes: serpentine, barnacled
a: Minor Destruction, Lesser Servant of Makhleb, Major Destruction, Greater
Servant of Makhleb, Renounce Religion


You were on level 3 of the Elven Halls.
You worshipped Makhleb.
Makhleb was exalted by your worship.
You were not hungry.

You visited 7 branches of the dungeon, and saw 35 of its levels.
You also visited: Sewer and Ice Cave.

You collected 4083 gold pieces.
You spent 730 gold pieces at shops.

Inventory:

Hand Weapons
 a - the +2 broad axe "Joanusixoo" (weapon) {freeze, rElec MR+}
   (You found it on level 4 of the Dungeon)

   It has been specially enchanted to freeze those struck by it, causing extra
   injury to most foes and up to half again as much damage against particularly
   susceptible opponents.
   It can also slow down cold-blooded creatures.
   It insulates you from electricity.
   It affects your resistance to hostile enchantments.
 w - a +3 scimitar of flaming
 N - a +0 broad axe
Missiles
 d - 6 throwing nets
 y - 72 boomerangs (quivered)
 P - 33 javelins
 S - 45 silver javelins
Armour
 b - a +0 pair of gloves (worn)
 c - a +0 hat (worn)
 m - the +3 crystal plate armour "Laenunomm" (worn) {rF+ Regen+ Slay-3}
   (You acquired it on level 2 of the Lair of Beasts)

   It affects your accuracy and damage with ranged weapons and melee attacks
   (-3).
   It protects you from fire.
   It increases your rate of regeneration.
 v - a +2 cloak of magic resistance (worn)
 R - a +2 cloak of poison resistance
 Z - a +2 shield of reflection (worn)
Jewellery
 p - a +4 ring of protection (left hand)
 A - an uncursed ring of protection from magic
 I - an amulet of regeneration (around neck)
 L - a +4 ring of evasion (right hand)
 M - the ring "Picsaum" {*Contam rF+ rN+ Dex+2}
   (You found it on level 7 of the Dungeon)

   [ring of positive energy]

   It affects your dexterity (+2).
   It protects you from fire.
   It protects you from negative energy.
   It causes magical contamination when unequipped.
 X - an uncursed ring of see invisible
Wands
 f - a wand of acid (9)
 D - a wand of digging (9)
 K - a wand of iceblast (35)
 O - a wand of flame (51)
 V - a wand of enslavement (29)
 W - a wand of paralysis (12)
Scrolls
 g - 18 scrolls of remove curse
 j - 12 scrolls of teleportation
 k - 5 scrolls of fog
 q - 8 scrolls of magic mapping
 x - 3 scrolls of blinking
 B - 10 scrolls of identify
 F - 8 scrolls of enchant armour
 G - a scroll of summoning
 H - 5 scrolls of fear
Potions
 h - a potion of heal wounds
 i - 9 potions of curing
 l - a potion of cancellation
 n - 4 potions of magic
 r - 2 potions of resistance
 s - 4 potions of might
 t - 4 potions of haste
 u - 4 potions of ambrosia
 z - 8 potions of brilliance
 C - 2 potions of agility
 E - 7 potions of flight
 J - 2 potions of berserk rage
 Q - 4 potions of mutation
 Y - 4 potions of invisibility
Miscellaneous
 T - 2 phantom mirrors
Comestibles
 e - 43 rations
 o - 2 chunks of flesh


   Skills:
 + Level 17.8(17.7) Fighting
 - Level 18.0(17.8) Axes
 + Level 13.1(12.9) Throwing
 + Level 17.6(17.5) Armour
 - Level 9.0(8.8) Dodging
 - Level 15.0(14.8) Shields
 - Level 13.0(12.8) Invocations
 + Level 4.3(4.2) Evocations


You had 18 spell levels left.
You didn't know any spells.
Your spell library contained the following spells:

 Spells                   Type           Power        Failure   Level  Hunger
 Animate Skeleton         Necr           N/A          100%        1    ##.....
 Beastly Appendage        Tmut           #.....       100%        1    ##.....
 Confusing Touch          Hex            #.....       100%        1    ##.....
 Magic Dart               Conj           #...         100%        1    ##.....
 Pain                     Necr           #...         100%        1    ##.....
 Shock                    Conj/Air       #...         100%        1    ##.....
 Summon Small Mammal      Summ           #...         100%        1    ##.....
 Call Imp                 Summ           #.......     100%        2    ###....
 Ensorcelled Hibernation  Hex/Ice        #.....       100%        2    ###....
 Poisonous Vapours        Pois/Air       #.....       100%        2    ###....
 Searing Ray              Conj           #.....       100%        2    ###....
 Sticks to Snakes         Tmut           #.......     100%        2    ###....
 Swiftness                Chrm/Air       #.......     100%        2    ###....
 Call Canine Familiar     Summ           #.......     100%        3    ####...
 Confuse                  Hex            #.......     100%        3    ####...
 Conjure Flame            Conj/Fire      #.......     100%        3    ####...
 Dazzling Spray           Conj/Hex       #.....       100%        3    ####...
 Gell's Gravitas          Tloc           #.........   100%        3    ####...
 Ignite Poison            Fire/Tmut/Pois #.......     100%        3    ####...
 Inner Flame              Hex/Fire       #.......     100%        3    ####...
 Mephitic Cloud           Conj/Pois/Air  #.......     100%        3    ####...
 Recall                   Summ/Tloc      N/A          100%        3    ####...
 Regeneration             Chrm/Necr      #.........   100%        3    ####...
 Spider Form              Tmut/Pois      #.........   100%        3    ####...
 Static Discharge         Conj/Air       #.......     100%        3    ####...
 Summon Guardian Golem    Hex/Summ       #.......     100%        3    ####...
 Tukima's Dance           Hex            #.......     100%        3    ####...
 Vampiric Draining        Necr           #.........   100%        3    ####...
 Airstrike                Air            #.........   100%        4    #####..
 Animate Dead             Necr           N/A          100%        4    #####..
 Force Lance              Conj/Tloc      #.......     100%        4    #####..
 Fulminant Prism          Conj/Hex       #.........   100%        4    #####..
 Ice Form                 Ice/Tmut       #.......     100%        4    #####..
 Iskenderun's Mystic Bla  Conj           #.......     100%        4    #####..
 Leda's Liquefaction      Hex/Erth       #.........   100%        4    #####..
 Petrify                  Tmut/Erth      #.......     100%        4    #####..
 Summon Ice Beast         Ice/Summ       #.......     100%        4    #####..
 Summon Lightning Spire   Summ/Air       #.......     100%        4    #####..
 Blade Hands              Tmut           #.........   100%        5    ######.
 Bolt of Magma            Conj/Fire/Erth #.........   100%        5    ######.
 Borgnjor's Vile Clutch   Necr/Erth      #.........   100%        5    ######.
 Irradiate                Conj/Tmut      #.........   100%        5    ######.
 Iskenderun's Battlesphe  Conj/Chrm      #.......     100%        5    ######.
 Lightning Bolt           Conj/Air       #.........   100%        5    ######.
 Metabolic Englaciation   Hex/Ice        #.........   100%        5    ######.
 Venom Bolt               Conj/Pois      #.........   100%        5    ######.
 Yara's Violent Unravell  Hex/Tmut       #.........   100%        5    ######.
 Death Channel            Necr           #.........   100%        6    #######
 Freezing Cloud           Conj/Ice/Air   #.........   100%        6    #######
 Hydra Form               Tmut           #.........   100%        6    #######
 Iron Shot                Conj/Erth      #.........   100%        6    #######
 Simulacrum               Ice/Necr       #.........   100%        6    #######
 Statue Form              Tmut/Erth      #........    100%        6    #######
 Dragon Form              Tmut           #.........   100%        7    #######
 Orb of Destruction       Conj           #.........   100%        7    #######
 Ring of Flames           Chrm/Fire      #.........   100%        7    #######
 Spellforged Servitor     Conj/Summ      #.........   100%        7    #######
 Shatter                  Erth           #.........   100%        9    #######


Dungeon Overview and Level Annotations

Branches:
Dungeon (15/15)            Temple (1/1) D:7            Lair (6/6) D:9
 Shoals (4/4) Lair:2        Snake (4/4) Lair:3        Slime (0/5) Lair:6
    Orc (2/2) D:9             Elf (3/3) Orc:2        Vaults (0/5) D:14
 Depths (0/5) D:15

Altars:
Ashenzari
Cheibriados
Dithmenos
Elyvilon
Fedhas
Gozag
Hepliaklqana
Kikubaaqudgha
Makhleb
Nemelex Xobeh
Okawaru
Qazlal
Ru
Sif Muna
Trog
Uskayaw
Vehumet
Wu Jian
Xom
Yredelemnul
Zin
Beogh
Jiyva

Shops:
D:6 ?   D:13 %   Orc:2 ***?   Elf:1 }   Elf:2 }   Shoals:4 }

Annotations:
D:9 1 runed translucent door, OCTOBOI's ghost, novice OpCj
Lair:5 exclusion: oklob plant
Elf:2 3 runed translucent doors


Innate Abilities, Weirdness & Mutations

You reflexively headbutt those who attack you in melee.
You have a pair of horns on your head.
You are clumsy. (Dex -2)


Message History

You block the deep elf elementalist's attack.
The deep elf demonologist casts a spell.
You slash the earth elemental!
Your headbutt misses the earth elemental.
The earth elemental is heavily damaged.
You slice the deep elf elementalist!! You freeze the deep elf elementalist.
You kill the deep elf elementalist!
Makhleb accepts your kill.
The earth elemental disappears in a puff of smoke! x2
The deep elf sorcerer hits you but does no damage.
The deep elf high priest intones a terrible prayer.
The deep elf high priest invokes the aid of its god against you.
Something smites you!
* * * LOW HITPOINT WARNING * * *
You see here 3 arrows.
The deep elf sorcerer casts a spell at you.
The bolt of acid hits you.
* * * LOW HITPOINT WARNING * * *
The acid corrodes you!
You are splashed with acid!
You die...

#'##'## #.# #.###'## #.# ##'###
......###.# #.##?..###.# ##.....
.......##.# #.##....##.###......
........#.####.##..)..'..##......
........'.......).)..##..#.......
........###.#####)..###...'^....#
'##.....# #.# ###§####..##......
.#####'## #.####..§..##..##......
## ### ####..@.§###########..)
#.#§#.# ##.. # #(# # #.'. #e#
##.. . #)# . ### .e. #e# ... #
.....##3##..... # ......1({2...#
# #.#..1ee24..## ####


You could see a Tzitzimitl, a deep elf sorcerer, a deep elf demonologist, a
neqoxec and a +1 long sword of freezing.

Vanquished Creatures
  Mara (Shoals:3)
  Vashnia (Snake:2)
  A deep elf blademaster (Elf:3)
  A deep elf master archer (Elf:3)
  Kirke (Shoals:3)
  Ilsuiw (Shoals:1)
  A frost giant (Shoals:4)
  9 nagarajas
  Aizul (Snake:4)
  4 deep elf sorcerers (Elf:3)
  5 deep elf elementalists (Elf:3)
  2 orc warlords (Orc:1)
  2 very ugly things (IceCv)
  3 deep elf demonologists (Elf:3)
  3 deep elf annihilators (Elf:3)
  5 merfolk javelineers
  5 deep elf death magi
  Josephine (D:14)
  Harold (D:9)
  5 merfolk impalers (Shoals:4)
  An ice dragon (Shoals:4)
  4 vault guards (D:14)
  19 naga warriors
  2 hydras
  5 anacondas
  Erica (D:10)
  3 centaur warriors
  5 two-headed ogres
  3 merfolk aquamancers (Shoals:4)
  2 satyrs (Shoals:4)
  11 dancing weapons
  An alligator snapping turtle (Shoals:4)
  2 merfolk avatars
  16 naga sharpshooters
  6 orc high priests (Orc:2)
  5 shock serpents
  7 deep elf knights
  9 skeletal warriors
  4 unseen horrors
  4 salamander mystics
  7 sea snakes
  6 deep elf archers (Elf:1)
  7 naga ritualists
  Pikel (D:5)
  8 harpies
  38 deep elf magi
  A wolf spider (D:15)
  12 mana vipers
  10 orc knights
  A wolf spider zombie (D:14)
  An orc sorcerer (Orc:1)
  2 ugly things
  6 fauns
  8 cyclopes
  14 manticores
  13 salamanders
  11 merfolk sirens
  8 guardian serpents
  27 black mambas
  4 water nymphs
  3 elephants (Lair:6)
  13 naga magi
  Maurice (D:10)
  5 ice statues (IceCv)
  A gargoyle (D:14)
  5 spiny frogs
  A komodo dragon (shapeshifter) (D:15)
  6 centaur skeletons
  4 komodo dragons
  An efreet (D:14)
  A golden dragon simulacrum (IceCv)
  9 trolls
  26 merfolk
  3 polar bears (Lair:6)
  A wolf spider simulacrum (D:15)
  5 hornets
  10 blink frogs
  4 slime creatures
  4 wind drakes
  11 hippogriffs
  A hippogriff (shapeshifter) (D:13)
  13 snapping turtles
  12 dream sheep
  A centaur simulacrum (D:14)
  7 water elementals
  12 spriggans (Lair:6)
  A shadow (D:15)
  A tarantella (shapeshifter) (D:15)
  3 air elementals (Elf:3)
  4 hogs
  6 wraiths (D:14)
  A dire elephant simulacrum (IceCv)
  2 fire elementals
  3 wyverns
  Grum (D:11)
  45 yaks
  5 basilisks
  3 hungry ghosts
  3 vampire mosquitoes (D:12)
  An iron troll simulacrum (IceCv)
  A soldier ant (D:11)
  4 wargs
  An acid dragon (D:12)
  50 nagas
  4 hydra simulacra (IceCv)
  7 water moccasins
  4 porcupines
  3 hell hounds (Elf:1)
  2 ettin simulacra (IceCv)
  57 orc warriors
  9 ice beasts
  3 slaves (D:5)
  6 sky beasts
  3 black bears
  18 ogres
  3 phantoms
  7 boggarts
  31 wolves
  3 necrophages
  22 centaurs
  12 crocodiles
  2 big kobolds
  A gnoll sergeant (Orc:2)
  15 bullfrogs
  3 earth elementals
  2 wyvern zombies
  6 scorpions
  15 killer bees
  4 wights (D:4)
  7 howler monkeys
  4 electric eels (D:14)
  4 centaur zombies
  6 crimson imps
  3 bullfrog zombies
  A bullfrog skeleton (D:12)
  8 hounds
  2 jellies
  A quasit (D:5)
  Crazy Yiuf (D:2)
  34 orc priests
  16 orc wizards
  2 gnoll shamans
  2 iguanas
  13 worker ants
  A worker ant zombie (D:5)
  2 howler monkey skeletons
  23 adders
  13 gnolls
  6 river rats (Sewer)
  4 shadow imps
  8 oozes
  An adder zombie (D:8)
  4 worms
  2 dart slugs
  6 leopard geckos
  106 orcs
  8 giant cockroaches
  10 goblins
  9 hobgoblins
  6 jackals
  7 quokkas
  10 ball pythons
  9 bats
  6 frilled lizards
  19 kobolds
  A leopard gecko skeleton (D:4)
  A quokka skeleton (D:4)
  29 rats
  5 fungi
  7 plants
1292 creatures vanquished.

Vanquished Creatures (collateral kills)
  Nikola (Shoals:4)
  Azrael (Elf:1)
  A hydra (D:15)
  A two-headed ogre (D:15)
  An alligator snapping turtle (Shoals:4)
  6 skeletal warriors
  A sea snake (Shoals:4)
  A komodo dragon (D:15)
  A wind drake (Shoals:4)
  2 merfolk (Shoals:4)
  3 dream sheep (Shoals:4)
  2 ice beasts (IceCv)
21 creatures vanquished.

Vanquished Creatures (others)
  A deep elf master archer (Elf:3)
  2 satyrs
  A naga sharpshooter (Snake:4)
  A salamander mystic (Snake:4)
  A deep elf mage (Elf:1)
  A faun (Shoals:2)
  A black mamba (Snake:4)
  A naga mage (Snake:4)
  A hippogriff (D:8)
  An air elemental (Elf:1)
  A hog (Shoals:3)
  A naga (Snake:4)
  3 centaurs
  A hound (D:14)
  A fungus (Lair:5)
  3 plants
21 creatures vanquished.

Grand Total: 1334 creatures vanquished

Notes
Turn   | Place    | Note
-------+----------+-------------------------------------------
     0 | D:1      | Gumption the Minotaur Gladiator began the quest for the
                  | Orb.
     0 | D:1      | Reached XP level 1. HP: 18/18 MP: 0/0
   101 | D:1      | Reached skill level 4 in Axes
   131 | D:1      | Reached XP level 2. HP: 18/25 MP: 1/1
   788 | D:2      | Reached skill level 1 in Shields
   788 | D:2      | Reached XP level 3. HP: 28/31 MP: 2/2
  1315 | D:2      | Reached XP level 4. HP: 34/38 MP: 3/3
  1392 | D:2      | Found a runed translucent door.
  1393 | D:2      | Noticed Crazy Yiuf
  1709 | D:2      | Found a basalt altar of Yredelemnul.
  2264 | D:2      | Killed Crazy Yiuf
  2264 | D:2      | Reached skill level 5 in Axes
  2374 | D:3      | Reached skill level 1 in Armour
  2374 | D:3      | Reached XP level 5. HP: 45/45 MP: 4/4
  2384 | D:3      | Found a glowing drain.
  2421 | Sewer    | Entered a sewer
  2804 | Sewer    | Reached XP level 6. HP: 52/52 MP: 5/5
  2819 | Sewer    | Reached skill level 6 in Axes
  3671 | D:3      | Reached XP level 7. HP: 59/59 MP: 6/6
  4528 | D:4      | Reached skill level 5 in Shields
  4532 | D:4      | Got a crude broad axe
  4754 | D:4      | Identified the cursed +2 broad axe "Joanusixoo" {freeze,
                  | rElec MR+} (You found it on level 4 of the Dungeon)
  4847 | D:4      | You fall into a shaft and drop 2 floors!
  4879 | D:6      | Reached skill level 7 in Axes
  4879 | D:6      | Reached skill level 5 in Dodging
  4902 | D:5      | Entered Level 5 of the Dungeon
  4920 | D:5      | Reached XP level 8. HP: 50/67 MP: 7/7
  4949 | D:5      | Reached skill level 5 in Fighting
  5241 | D:5      | Reached skill level 8 in Axes
  5891 | D:4      | Reached XP level 9. HP: 72/75 MP: 8/8
  6029 | D:5      | Noticed Pikel
  6041 | D:5      | Killed Pikel
  6041 | D:5      | Reached skill level 9 in Axes
  6041 | D:5      | Reached skill level 5 in Armour
  6501 | D:6      | Found Popip's Magic Scroll Shop.
  6504 | D:6      | Bought a scroll of identify for 30 gold pieces
  6504 | D:6      | Bought 3 scrolls of identify for 90 gold pieces
  6504 | D:6      | Bought a scroll of identify for 30 gold pieces
  6836 | D:7      | Found a staircase to the Ecumenical Temple.
  6849 | Temple   | Entered the Ecumenical Temple
  6954 | Temple   | Became a worshipper of Makhleb the Destroyer
  7001 | D:7      | Found a hazy altar of Hepliaklqana.
  7360 | D:7      | Got an ancient silver ring
  7361 | D:7      | Identified the ring "Picsaum" {*Contam rF+ rN+ Dex+2} (You
                  | found it on level 7 of the Dungeon)
  7440 | D:7      | Found a snail-covered altar of Cheibriados.
  7581 | D:7      | Found an ornate altar of the Wu Jian Council.
  7699 | D:8      | Noticed a two-headed ogre
  7705 | D:8      | Killed a two-headed ogre
  7705 | D:8      | Reached skill level 10 in Axes
  7705 | D:8      | Reached XP level 10. HP: 68/86 MP: 9/9
  7807 | D:8      | Noticed a two-headed ogre
  7819 | D:8      | Killed a two-headed ogre
  8324 | D:8      | Found a shimmering altar of Xom.
  8328 | D:8      | Found a glowing silver altar of Zin.
  8328 | D:8      | Noticed an angel
  8332 | D:8      | Reached * piety under Makhleb
  8520 | D:8      | Reached skill level 10 in Shields
  8545 | D:8      | Found a bloodstained altar of Trog.
  8685 | D:8      | Found a sparkling altar of Nemelex Xobeh.
  8899 | D:9      | Reached skill level 11 in Axes
  8970 | D:9      | Found a staircase to the Lair.
  9074 | D:9      | Found a staircase to the Orcish Mines.
  9109 | D:9      | Noticed Harold
  9124 | D:9      | Killed Harold
  9148 | D:9      | Found a runed translucent door.
  9148 | D:9      | Noticed OCTOBOI's ghost (novice OpCj)
  9148 | D:9      | Noticed a centaur warrior
  9327 | D:9      | Found a roughly hewn altar of Beogh.
  9347 | D:9      | Reached XP level 11. HP: 34/94 MP: 10/10
  9681 | D:10     | Entered Level 10 of the Dungeon
  9876 | D:10     | Noticed Maurice
  9884 | D:10     | Killed Maurice
  9944 | D:10     | Reached ** piety under Makhleb
 10163 | D:10     | Killed an unseen horror
 10181 | D:10     | Identified the Almanac of Fascination and Intoxication
 10191 | D:10     | Killed an unseen horror
 10191 | D:10     | Reached skill level 12 in Axes
 10539 | D:10     | Noticed Erica
 10558 | D:10     | Killed Erica
 11097 | D:11     | Found a roughly hewn altar of Beogh.
 11097 | D:11     | Noticed an orc knight
 11107 | D:11     | Reached *** piety under Makhleb
 11115 | D:11     | Killed an orc knight
 11332 | D:11     | Killed an unseen horror
 11635 | D:11     | Reached XP level 12. HP: 104/104 MP: 11/11
 11854 | D:11     | Found a shimmering altar of Xom.
 12056 | D:11     | Reached **** piety under Makhleb
 12056 | D:11     | Reached skill level 13 in Axes
 12304 | Lair:1   | Entered Level 1 of the Lair of Beasts
 12969 | Lair:2   | Reached skill level 1 in Invocations
 13604 | Lair:2   | Found a staircase to the Shoals.
 13853 | Lair:3   | Reached skill level 10 in Fighting
 14160 | Lair:3   | Found a staircase to the Snake Pit.
 14161 | Lair:3   | You fall into a shaft and drop 3 floors!
 14161 | Lair:6   | Entered Level 6 of the Lair of Beasts
 14843 | Lair:4   | Reached ***** piety under Makhleb
 15017 | Lair:4   | Reached skill level 14 in Axes
 15575 | Lair:5   | Noticed a seven-headed hydra
 15589 | Lair:5   | Killed a two-headed hydra
 15589 | Lair:5   | Reached skill level 10 in Armour
 15589 | Lair:5   | Reached XP level 13. HP: 80/114 MP: 14/14
 16074 | Lair:6   | Found a runed translucent door.
 16075 | Lair:6   | Found a viscous altar of Jiyva.
 16080 | Lair:6   | Found a staircase to the Slime Pits.
 16997 | Lair:6   | Reached skill level 15 in Axes
 17200 | Lair:6   | Reached ****** piety under Makhleb
 17724 | D:12     | Reached skill level 5 in Invocations
 17797 | D:12     | You fall into a shaft and drop 2 floors!
 18378 | D:13     | You fall into a shaft and drop 2 floors!
 18378 | D:15     | Entered Level 15 of the Dungeon
 18451 | D:15     | Reached XP level 14. HP: 124/124 MP: 16/16
 18608 | D:14     | Reached skill level 15 in Shields
 19031 | D:13     | Found Bixzuomu's Food Shoppe.
 19915 | D:14     | Reached skill level 16 in Axes
 19950 | D:14     | Found a gate to the Vaults.
 20806 | D:14     | Noticed Josephine
 20816 | D:14     | Killed Josephine
 21177 | D:15     | Found a staircase to the Depths.
 21566 | D:15     | Reached skill level 5 in Throwing
 21975 | D:11     | Noticed Grum
 21986 | D:11     | Killed Grum
 22032 | Orc:1    | Entered Level 1 of the Orcish Mines
 22114 | Orc:1    | Reached XP level 15. HP: 105/134 MP: 19/19
 22123 | Orc:1    | Noticed an orc warlord
 22141 | Orc:1    | Killed an orc warlord
 22441 | Orc:2    | Entered Level 2 of the Orcish Mines
 22540 | Orc:2    | Reached skill level 17 in Axes
 22760 | Orc:2    | Found a staircase to the Elven Halls.
 22895 | Orc:1    | Noticed an orc warlord
 22922 | Orc:1    | Killed an orc warlord
 23081 | Orc:2    | Found a roughly hewn altar of Beogh.
 23254 | Orc:2    | Gained mutation: You are clumsy. (Dex -2) [a neqoxec]
 24032 | Orc:2    | Found Puisuw's Magic Scroll Shop.
 24035 | Orc:2    | Found Usheisum's General Store.
 24036 | Orc:2    | Found Ziqo's General Store.
 24037 | Orc:2    | Found Noivof's Assorted Antiques.
 24043 | Orc:2    | Bought 2 scrolls of blinking for 390 gold pieces
 24043 | Orc:2    | Bought a scroll of teleportation for 78 gold pieces
 24044 | Orc:2    | Bought a scroll of blinking for 112 gold pieces
 24400 | Snake:1  | Entered Level 1 of the Snake Pit
 25484 | Snake:2  | Reached skill level 18 in Axes
 25546 | Snake:2  | You fall into a shaft and drop 1 floor!
 25957 | Snake:2  | Reached XP level 16. HP: 144/144 MP: 21/21
 26046 | Snake:2  | Noticed Vashnia
 27457 | Snake:2  | Killed Vashnia
 27818 | Snake:4  | Entered Level 4 of the Snake Pit
 28111 | Snake:4  | Noticed Aizul
 28134 | Snake:4  | Reached skill level 10 in Invocations
 28139 | Snake:4  | Killed Aizul
 28847 | Snake:4  | Reached skill level 15 in Fighting
 28847 | Snake:4  | Reached XP level 17. HP: 111/156 MP: 23/23
 29667 | Snake:4  | Reached skill level 10 in Throwing
 29667 | Snake:4  | Reached skill level 15 in Armour
 30174 | Snake:4  | Got a serpentine rune of Zot
 30613 | Lair:2   | Identified a scroll of acquirement
 30616 | Lair:2   | Got a distressingly furry crystal plate armour
 30627 | Lair:2   | Identified the +3 crystal plate armour "Laenunomm" {rF+
                  | Regen+ Slay-3} (You acquired it on level 2 of the Lair of
                  | Beasts)
 30636 | Shoals:1 | Entered Level 1 of the Shoals
 31432 | Shoals:2 | Noticed Ilsuiw
 31720 | Shoals:1 | Killed Ilsuiw
 32546 | Shoals:3 | Noticed Kirke
 32559 | Shoals:3 | Noticed Mara
 32570 | Shoals:3 | Noticed Gumption's illusion
 33330 | Shoals:3 | Killed Kirke
 33436 | Shoals:3 | Noticed Gumption's illusion
 33840 | Shoals:3 | Noticed Gumption's illusion
 33888 | Shoals:3 | Killed Mara
 33936 | Shoals:4 | Entered Level 4 of the Shoals
 34087 | Shoals:4 | Reached XP level 18. HP: 166/166 MP: 26/26
 34130 | Shoals:4 | Found a frozen archway.
 34480 | IceCv    | Entered an ice cave
 35304 | Shoals:4 | Found Fatzay's Gadget Boutique.
 35767 | Shoals:4 | Noticed Nikola
 35779 | Shoals:4 | Killed Nikola
 36204 | Shoals:4 | Got a barnacled rune of Zot
 36640 | Elf:1    | Entered Level 1 of the Elven Halls
 37012 | Elf:1    | Found Gureoreh's Gadget Boutique.
 37087 | Elf:1    | Noticed Azrael
 37127 | Elf:1    | Killed Azrael
 37188 | Elf:1    | Reached skill level 1 in Evocations
 37901 | Elf:2    | Found a runed translucent gate.
 37901 | Elf:2    | Found a runed translucent gate.
 37901 | Elf:2    | Found a runed translucent gate.
 38040 | Elf:2    | Found Tojaatua's Gadget Shop.
 38681 | Elf:3    | Entered Level 3 of the Elven Halls
 39206 | Elf:3    | Reached XP level 19. HP: 177/177 MP: 27/27
 39670 | Elf:3    | Noticed a Tzitzimitl
 39973 | Elf:3    | HP: 7/177 [acid (14)]
 39997 | Elf:3    | HP: 1/177 [deep elf blademaster/+0 rapier (14)]
 40006 | Elf:3    | HP: 8/177 [deep elf blademaster/+0 rapier (3)]
 40011 | Elf:3    | HP: 3/177 [deep elf blademaster/+0 rapier (7)]
 41186 | Elf:3    | Identified the cursed +3 morningstar of Herghox {venom, MR+
                  | SInv}
 41199 | Elf:3    | Identified the +3 ice dragon scales of the Lobster {rPois
                  | rF- rC++ Dex+3 Stlth-}
 41205 | Elf:3    | Identified the +4 morningstar "Boecekex" {antimagic, rF+
                  | Dex+4}
 41205 | Elf:3    | Identified the amulet "Kujo Gomi" {Acrobat rPois}
 41232 | Elf:3    | Noticed a Tzitzimitl
 41241 | Elf:3    | HP: 2/179 [deep elf high priest/divine providence (15)]
 41243 | Elf:3    | Splashed by a deep elf sorcerer's acid

Levels and vault maps discovered:
D:1:      onia_arrival_mini_maze, layout_basic
D:2:      layout_basic, lemuel_round_altar, first_ration,
          minmay_misc_feat_four_crosses, bh_walls_and_bars,
          uniq_crazy_yiuf_cottage
D:3:      minmay_razor_zed, layout_basic, cheibrodos_sewer_entry_bend
D:4:      layout_layer_cave, minmay_fractal_squares_diagonal_5
D:5:      layout_basic, minmay_chambers_of_fives, uniq_pikel
D:6:      layout_loops_cross, serial_shops, kennysheep_mini_moat
D:7:      layout_loops_cross, nicolae_overflow_crystal_walls, slow_altar_2,
          marbit_many_paths, temple_doors_e
D:8:      layout_loops_ring, grunt_temple_overflow_order_and_chaos_1,
          kennysheep_little_box, nicolae_overflow_hidden_temple
D:9:      layout_basic, grunt_lair_entry_orc_guard_hut,
          minmay_orc_entry_temple_small, serial_curves, eino_curves_03,
          eino_curves_02, ebering_ghost_inner_flame, uniq_harold
D:10:     layout_grid_maze, hangedman_stone_soup, uniq_erica, uniq_maurice
D:11:     layout_cave_pods, special_room [special_room_orc], basic_altar,
          uniq_grum
D:12:     layout_rooms, serial_co_window_serial, co_window_paths_a,
          co_window_paths_a, co_window_corner_a, co_window_paths_a,
          co_window_paths_b, co_window_paths_b, co_window_paths_a,
          co_window_of_opportunity_c, co_window_unsneaky_path_e,
          co_window_corner_b, co_window_of_opportunity_b,
          co_window_unsneaky_path_b, co_window_cross_3,
          co_window_of_opportunity_b, co_window_4corner_b, grunt_ministairs_4
D:13:     layout_basic, serial_shops, shop_fountains
D:14:     layout_basic, lightli_vaults_fourway_checkpoint,
          minmay_misc_feat_tower, kennysheep_two_boxes, uniq_josephine
D:15:     hangedman_depths_entry_try_elsewhere_first, layout_cross,
          kennysheep_pointless_box, drop_trap
Temple:   cyrus_circular_temple
Lair:1:   layout_chaotic_city
Lair:2:   layout_regular_city, shoals_dummy_entry
Lair:3:   layout_hall_layers, minmay_snake_entry_guardpost_small,
          lemuel_fruit_tree
Lair:4:   layout_regular_city, serial_rivers, chequers_serial_rivers_micro_b,
          chequers_serial_rivers_small_b, chequers_serial_rivers_large_b,
          chequers_serial_rivers_micro_c
Lair:5:   layout_concentric_octagons, dpeg_oklob_1, grunt_megastairs_2
Lair:6:   minmay_lair_end_enchanted_forest, layout_hall_layers, slime_altar_2,
          grunt_forest_small_clearings, serial_bayou_shore_b, grunt_megastairs_3
Shoals:1: layout_shoals
Shoals:2: layout_shoals, uniq_ilsuiw
Shoals:3: layout_shoals, uniq_kirke, uniq_mara
Shoals:4: shoals_end_grunt_ice, layout_shoals, serial_shops, shop_coins,
          portal_ice_cave_entry_dragon, uniq_nikola
Snake:1:  layout_basic
Snake:2:  layout_basic, st_stairs_6, uniq_vashnia
Snake:3:  layout_misc_corridors
Snake:4:  johnstein_snake_rune_scales, layout_misc_corridors,
          serial_bayou_shore_b, uniq_aizul
Orc:1:    layout_diamond_mine, lightli_orcish_oven
Orc:2:    st_orc_pillars, layout_caves, basic_altar
Elf:1:    elf_arrival_002, layout_loops_cross, serial_shops, shop, minivault_28,
          columned_hall_lemuel, drop_trap, minivault_5, grunt_ministairs_9,
          uniq_azrael
Elf:2:    layout_loops_corners, serial_shops, shop
Elf:3:    elf_hall, layout_gridlike, grunt_megastairs_4

Skill      XL: |  1  2  3  4  5  6  7  8  9 10 11 12 13 14 15 16 17 18 19 |
---------------+----------------------------------------------------------+-----
Axes           | 4 5 6 7 8 10 11 12 14 15 16 18 | 18.0
Fighting       | 3 4 5 7 8 9 10 11 12 13 15 16 17 | 17.8
Shields        | 1 2 3 4 5 7 9 10 12 13 14 15 | 15.0
Dodging        | 4 5 6 7 8 9 |  9.0
Armour         | 1 2 3 4 6 7 8 10 11 12 13 14 16 17 | 17.6
Invocations    | 3 5 7 8 10 12 13 | 13.0
Throwing       | 5 7 9 11 12 13 | 13.1
Evocations     | 2 4 |  4.3

Action                   |  1- 3 |  4- 6 |  7- 9 | 10-12 | 13-15 | 16-18 | 19-21 || total
-------------------------+-------+-------+-------+-------+-------+-------+-------++-------
Melee: War axe           |   100 |   150 |    76 |       |       |       |       ||   326
       Headbutt          |    17 |    21 |    58 |   152 |   344 |   438 |    49 ||  1079
       Broad axe         |       |       |   220 |   701 |  1480 |  1986 |   254 ||  4641
       Scimitar          |       |       |       |     9 |    11 |       |       ||    20
Throw: Stone             |       |    53 |    17 |     1 |       |       |       ||    71
       Boomerang         |       |       |       |    27 |    12 |   240 |       ||   279
Invok: Minor Destruction |       |       |       |       |     3 |       |       ||     3
       Lesser Servant of |       |       |       |       |    10 |     5 |     3 ||    18
       Major Destruction |       |       |       |       |     2 |       |       ||     2
       Greater Servant o |       |       |       |       |       |     5 |     2 ||     7
  Use: Potion            |     1 |       |       |     3 |     2 |     9 |     5 ||    20
       Scroll            |       |    10 |     8 |    12 |     5 |    12 |     2 ||    49
 Stab: Distracted        |       |       |       |       |     1 |     3 |     1 ||     5
       Paralysed         |       |       |       |       |     3 |       |       ||     3
       Confused          |       |       |       |       |       |     2 |       ||     2
  Eat: Chunk             |     1 |     8 |    13 |    25 |    31 |    18 |     2 ||    98
       Ration            |       |       |       |     1 |     2 |     8 |     2 ||    13
Armor: Leather armour    |     8 |       |       |       |       |       |       ||     8
       Ring mail         |     7 |       |       |       |       |       |       ||     7
       Chain mail        |    17 |    86 |    42 |       |       |       |       ||   145
       Plate armour      |       |       |    67 |   204 |   420 |   189 |       ||   880
       Crystal plate arm |       |       |       |       |       |   785 |   133 ||   918
Dodge: Dodged            |    18 |    56 |    79 |   254 |   450 |   565 |    60 ||  1482
Block: Shield            |    49 |   102 |   188 |   474 |  1077 |  1412 |   178 ||  3480
       Reflection        |       |       |       |       |       |   140 |     8 ||   148
       Rpst.: Scimitar   |       |       |       |     1 |       |       |       ||     1

Table legend:
 A = Non-vault XP
 B = Vault XP
 C = Vault XP percentage of total XP
 D = Non-vault monster count
 E = Vault monster count
 F = Vault count percentage of total count
                 A         B        C        D         E       F
            +---------+---------+-------+---------+---------+-------
      Total |  222453 |  187380 |  45.7 |     851 |     459 |  35.0
            +---------+---------+-------+---------+---------+-------
        D:1 |      39 |       0 |   0.0 |      21 |       0 |   0.0
        D:2 |      94 |      41 |  30.4 |      23 |       1 |   4.2
        D:3 |     183 |      56 |  23.4 |      25 |      16 |  39.0
        D:4 |     546 |      65 |  10.6 |      23 |       5 |  17.9
        D:5 |    1211 |     767 |  38.8 |      23 |       5 |  17.9
        D:6 |     539 |       0 |   0.0 |       8 |       0 |   0.0
        D:7 |     947 |       8 |   0.8 |      17 |       2 |  10.5
        D:8 |    3414 |       0 |   0.0 |      32 |       0 |   0.0
        D:9 |     833 |    2047 |  71.1 |      19 |      12 |  38.7
       D:10 |    3546 |    1805 |  33.7 |      22 |       6 |  21.4
       D:11 |    5402 |    2329 |  30.1 |      39 |      24 |  38.1
       D:12 |    3065 |       0 |   0.0 |      21 |       0 |   0.0
       D:13 |   10002 |       0 |   0.0 |      51 |       0 |   0.0
       D:14 |    7541 |    9219 |  55.0 |      36 |      21 |  36.8
       D:15 |   11818 |    1775 |  13.1 |      28 |       4 |  12.5
     Lair:1 |    1002 |       0 |   0.0 |       6 |       0 |   0.0
     Lair:2 |    4458 |       0 |   0.0 |      26 |       0 |   0.0
     Lair:3 |    2285 |     643 |  22.0 |      10 |       4 |  28.6
     Lair:4 |    3253 |       0 |   0.0 |      14 |       0 |   0.0
     Lair:5 |    3201 |     382 |  10.7 |      11 |       1 |   8.3
     Lair:6 |    7184 |   10032 |  58.3 |      32 |      52 |  61.9
   Shoals:1 |    7298 |    1980 |  21.3 |      17 |       1 |   5.6
   Shoals:2 |    8882 |    2335 |  20.8 |      18 |       7 |  28.0
   Shoals:3 |   12517 |   10535 |  45.7 |      28 |       4 |  12.5
   Shoals:4 |   14904 |   28100 |  65.3 |      39 |      39 |  50.0
    Snake:1 |   10740 |       0 |   0.0 |      19 |       0 |   0.0
    Snake:2 |   18702 |    8867 |  32.2 |      35 |       6 |  14.6
    Snake:3 |   13056 |       0 |   0.0 |      25 |       0 |   0.0
    Snake:4 |   21291 |   43634 |  67.2 |      34 |      69 |  67.0
      Orc:1 |    8668 |    1307 |  13.1 |      53 |       8 |  13.1
      Orc:2 |    4957 |   10573 |  68.1 |      43 |      56 |  56.6
      Elf:1 |   14727 |   10607 |  41.9 |      23 |      21 |  47.7
      Elf:2 |    7337 |    2739 |  27.2 |      13 |       3 |  18.8
      Elf:3 |    8811 |   30529 |  77.6 |      17 |      22 |  56.4
      Sewer |       0 |     408 | 100.0 |       0 |      48 | 100.0
      IceCv |       0 |    6597 | 100.0 |       0 |      22 | 100.0
            +---------+---------+-------+---------+---------+-------
